cohdb
Replays
Latest Replays
All Replays
Popular Replays
Top Player Replays
Match Explorer
How It Works
Community
CoH3 Stats
Reddit
Sign in to upload your games and track your stats! →
Sign in with Steam
Match 42060479
Unlisted
Match 42060479
Overview
Messages
Build Orders
End
Pioneer Squad
Construct Infanterie Kompanie
Kettenkrad Recon Vehicle
Selects Terror Battlegroup
Selects Machine Gun Camouflage
MG 42 Machine Gun Team
Grenadier Squad
Construct Panzergrenadier Kompanie
251 Medium Carrier
Pak 40 Anti-tank Gun Team
Panzergrenadier Squad
251 Medium Carrier
Support Elements
StuG III G Assault Gun
Nebelwerfer 42 Rocket Launcher Team
Selects Contempt for the Weak
StuG III G Assault Gun
Panzergrenadier Squad
Selects Jericho Trumpet
Jericho Trumpet
Pioneer Squad
Panzergrenadier Officer Quarters
Side Skirts
Jericho Trumpet
Panzergrenadier Squad
Selects V1 Rocket Strike
Infanterie Officer Quarters
Medical Station
V1 Rocket Strike
L'hermite
ashilrye
Dirkradix
BES2
芋椰千层
Dark Angels
Schogunist
Glow_景沐x
0
0
Comments
sign in to comment!
No comments posted yet!